 Dungeon Crawl Stone Soup version 0.30-a0-553-g7fabdf1491 (webtiles) character file.

Game seed: 8240694789911942256

466 greasedhog the Trooper (level 7, 0/54 HPs)
             Began as a Djinni Fighter on Dec 26, 2022.
             Slain by a phantom (3 damage)
             ... on level 4 of the Dungeon.
             The game lasted 00:04:38 (3717 turns).

greasedhog the Trooper (Djinni Fighter)             Turns: 3717, Time: 00:04:38

Health: 0/54       AC:  5    Str: 17    XL:     7   Next: 30%
Gold:   106        EV: 10    Int: 10    God:
                   SH:  4    Dex: 12

rFire   + + .      SeeInvis .    g - +0 scimitar
rCold   x . .      Faith    .    c - +0 buckler
rNeg    . . .      Spirit   .    m - +0 leather armour
rPois   ∞          Reflect  .    i - +0 helmet
rElec   .          Harm     .    (no cloak)
rCorr   .          Rampage  .    n - +0 pair of gloves
Will    .....                    (boots unavailable)
Stlth   +                        (no amulet)
HPRegen 0.29/turn                (no ring)
MPRegen 0.00/turn                (no ring)

@: flying, hasted, very quick
A: sickness immunity, fire resistance 2, cold vulnerability 1, float, innate
caster, HP casting, extra vitality 1
a: no special abilities


You were on level 4 of the Dungeon.
You visited 1 branch of the dungeon, and saw 4 of its levels.

You collected 106 gold pieces.

Inventory:

Hand Weapons
 g - a +0 scimitar (weapon)
 o - a +0 short sword of draining
Armour
 c - a +0 buckler (worn)
 i - a +0 helmet (worn)
 m - a +0 leather armour (worn)
 n - a +0 pair of gloves (worn)
Scrolls
 h - 2 scrolls of teleportation {unknown}
 p - a scroll of amnesia {unknown}
 r - a scroll of poison {unknown}
Potions
 a - a potion of magic {unknown}
 b - a potion of brilliance
 d - a potion of might
 e - 2 potions of haste
 f - 4 potions of lignification
 j - a potion of cancellation
 k - 2 potions of attraction {unknown}
 l - 2 potions of degeneration {unknown}
 q - a potion of berserk rage {unknown}


   Skills:
 * Level 5.1 Fighting
 * Level 4.0 Long Blades
 - Level 3.0 Armour
 - Level 3.0 Shields
 * Level 2.8 Spellcasting


You had 5 spell levels left.
You knew the following spells:

 Your Spells              Type           Power      Damage    Failure   Level
a - Sandblast             Erth           14%        2d6       14%         1
b - Passwall              Tmut/Erth      5%         N/A       21%         2
c - Ozocubu's Armour      Ice            7%         N/A       38%         3
Your spell library was empty.

Dungeon Overview and Level Annotations

Branches:
Dungeon (4/15)             Temple (0/1) D:4

Altars:
Hepliaklqana

Shops:
D:1 (


Innate Abilities, Weirdness & Mutations

You are immune to sickness and miasma.
You are immune to poison.
Your flesh is very heat resistant. (rF++)
You are vulnerable to cold. (rC-)
You float through the air rather than walking.
You learn spells naturally, not from books.
Your magical power is your life essence.
You have superior vitality. (+4 MHP)


Message History

The phantom is heavily damaged.
The phantom hits you.
* * * LOW HITPOINT WARNING * * *
You block the phantom's attack.
You barely miss the phantom.
The phantom is heavily damaged.
The phantom hits you!
* * * LOW HITPOINT WARNING * * *
You barely miss the phantom.
The phantom is heavily damaged.
The phantom hits you but does no damage.
You hit the phantom but do no damage.
The phantom is heavily damaged.
The phantom closely misses you.
You feel yourself speed up.
The phantom hits you but does no damage.
You hit the phantom but do no damage.
The phantom is heavily damaged.
The phantom hits you.
* * * LOW HITPOINT WARNING * * *
Your magical contamination has completely faded away.
You barely miss the phantom.
The phantom is heavily damaged.
The phantom hits you.
* * * LOW HITPOINT WARNING * * *
You barely miss the phantom.
The phantom is heavily damaged.
The phantom hits you but does no damage.
You slash the phantom!
The phantom is severely damaged.
You block the phantom's attack.
You hit the phantom.
The phantom is severely damaged.
You closely miss the phantom.
The phantom is severely damaged.
The phantom barely misses you.
You barely miss the phantom.
The phantom is severely damaged.
The phantom hits you.
You die...

...# ###.###
########...##
#..........####
#..........'..#
#..........##.##
#..........##..#########
#..........###.....⌠...#
#..........# ##........#
#..........####@.⌠.>.⌠.#
##############gW........#
...# #.#....⌠...# ...#
##.##....#### ...#
+..##.#.#.. ...#
#####.#...## ...# #.##...
...# .# #.. .###


You could see a phantom and a goblin.

Vanquished Creatures
  A hound (D:4)
  A jelly (D:4)
  2 orc priests (D:3)
  An orc wizard (D:2)
  4 adders
  An ufetubus (D:4)
  2 worms
  2 dart slugs (D:3)
  8 orcs
  4 ball pythons
  3 bats
  5 endoplasms
  2 giant cockroaches
  4 goblins
  5 hobgoblins
  3 jackals (D:3)
  4 quokkas
  3 frilled lizards
  7 kobolds
  2 rats
64 creatures vanquished.

Vanquished Creatures (collateral kills)
  Grinder (D:4)
1 creature vanquished.

Grand Total: 65 creatures vanquished

Notes
Turn   | Place    | Note
-------+----------+-------------------------------------------
     0 | D:1      | greasedhog the Djinni Fighter began the quest for the Orb.
     0 | D:1      | Reached XP level 1. HP: 20/20 MP: 0/0
   188 | D:1      | Reached XP level 2. HP: 25/25 MP: 0/0
   359 | D:1      | Found Toiklef's Weapon Emporium.
  1151 | D:2      | Reached XP level 3. HP: 26/30 MP: 0/0
  1151 | D:2      | Learned a level 1 spell: Sandblast
  1188 | D:2      | Reached skill level 1 in Spellcasting
  1682 | D:2      | Reached XP level 4. HP: 33/36 MP: 0/0
  2491 | D:3      | Found a hazy altar of Hepliaklqana.
  2632 | D:2      | Reached skill level 4 in Fighting
  2632 | D:2      | Reached XP level 5. HP: 6/41 MP: 0/0
  2632 | D:2      | Learned a level 2 spell: Passwall
  3041 | D:3      | Reached XP level 6. HP: 42/48 MP: 0/0
  3529 | D:4      | Noticed Grinder
  3559 | D:4      | Killed Grinder
  3560 | D:4      | Reached skill level 5 in Fighting
  3560 | D:4      | Reached XP level 7. HP: 26/54 MP: 0/0
  3560 | D:4      | Learned a level 3 spell: Ozocubu's Armour
  3669 | D:4      | Found a staircase to the Ecumenical Temple.
  3712 | D:4      | HP: 2/54 [phantom (2)]
  3717 | D:4      | Slain by a phantom

Illustrated notes

Levels and vault maps discovered:
D:1:      heliophobic_arrival_battle_scene, layout_loops_corners, serial_shops,
          shop_fountains
D:2:      layout_basic
D:3:      layout_rooms, mainiacjoe_overflow_alcove_4
D:4:      layout_basic, mainiacjoe_overflow_alcove_2, temple_fountains,
          kennysheep_generic_room_11, uniq_grinder

Skill      XL: |  1  2  3  4  5  6 |
---------------+-------------------+-----
Long Blades    | 2 3 4 |  4.0
Spellcasting   | 1 2 |  2.8
Fighting       | 4 5 |  5.1
Armour         | |  3.0
Shields        | |  3.0

Action                   |  1- 3 |  4- 6 |  7- 9 || total
-------------------------+-------+-------+-------++-------
Melee: Long sword        |    15 |       |       ||    15
       Scimitar          |    60 |    66 |    11 ||   137
       Short sword       |       |   101 |    29 ||   130
 Cast: Sandblast         |     3 |    18 |       ||    21
  Use: Scroll            |     3 |     5 |       ||     8
       Potion            |       |       |     1 ||     1
Armor: Scale mail        |    36 |       |       ||    36
       Leather armour    |     3 |    61 |    13 ||    77
Dodge: Dodged            |    32 |    89 |    15 ||   136
Block: Buckler           |    16 |    35 |     6 ||    57

Table legend: (Time is in decaauts)
 A = Elapsed time spent in this place.
 B = Non-inter-level travel time spent in this place.
 C = Inter-level travel time spent in this place.
 D = Time resting spent in this place.
 E = Time spent auto-exploring this place.
 F = Levels seen in this place.
 G = Mean time per level.
                   A        B        C        D        E       F      G
               +--------+--------+--------+--------+--------+-----+--------+
         Total |   3765 |   3435 |    330 |    426 |   2339 |   4 |  941.2 |
       Dungeon |   3765 |   3435 |    330 |    426 |   2339 |   4 |  941.2 |
               +--------+--------+--------+--------+--------+-----+--------+

Top non-repeatable levels by time:
     D:2: 1573 daAuts
     D:1: 1020 daAuts
     D:3: 635 daAuts
     D:4: 535 daAuts
